 Dungeon Crawl Stone Soup version 0.26-a0-1191-ge2a0e31ab3 (webtiles) character file.

Game seed: 8572008984794599661

37942 Rennog the Destroyer (level 13, -2/100 HPs)
             Began as a Gnoll Conjurer on Dec 29, 2020.
             Was an Elder of Sif Muna.
             Killed from afar by an efreet (29 damage)
             ... with a bolt of fire
             ... in a volcano.
             The game lasted 02:10:41 (29726 turns).

Rennog the Destroyer (Gnoll Conjurer)              Turns: 29726, Time: 02:10:42

Health: -2/100     AC: 15    Str: 11    XL:     13   Next: 99%
Magic:  10/27      EV: 16    Int: 30    God:    Sif Muna [****..]
Gold:   504        SH: 10    Dex: 14    Spells: 2/32 levels left

rFire    . . .     SeeInvis .   U - staff of cold
rCold    + . .     Faith    .   Q - +0 kite shield
rNeg     . . .     Spirit   .   B - +0 acid dragon scales
rPois    .         Reflect  .   g - +1 hat {Will+}
rElec    +         Harm     .   C - +0 cloak
rCorr    +         Rampage  .   L - +2 pair of gloves {archery}
Will     +....                  v - +0 pair of boots of Paranoia {rElec}
Stlth    ++++......             E - amulet of the acrobat (curse)
HPRegen  0.26/turn              m - ring of wizardry
MPRegen  0.20/turn              T - +6 ring of intelligence

@: about to teleport, very slightly contaminated
A: distributed training, fangs 1, strong nose
a: Renounce Religion, Channel Magic, Forget Spell, Divine Exegesis


You were in a volcano.
You worshipped Sif Muna.
Sif Muna was greatly pleased with you.
You visited 3 branches of the dungeon, and saw 19 of its levels.
You also visited: Volcano.

You collected 1155 gold pieces.
You spent 651 gold pieces at shops.

Inventory:

Hand Weapons
 z - a +2 spectral quarterstaff
 A - a +0 scimitar of flaming
Armour
 a - a +0 robe
 g - a +1 hat of willpower (worn)
 i - a scarf of harm
 v - the +0 pair of boots of Paranoia (worn) {rElec}
   (You found it on level 4 of the Dungeon)

   It insulates you from electricity.
 B - +0 acid dragon scales (worn)
 C - a +0 cloak (worn)
 L - a +2 pair of gloves of archery (worn)
 Q - a +0 kite shield (worn)
Magical Staves
 U - an uncursed staff of cold (weapon)
Jewellery
 m - a ring of wizardry (left hand)
 E - a cursed amulet of the acrobat (around neck)
 N - an uncursed amulet of regeneration
 S - an uncursed ring of resist corrosion
 T - a +6 ring of intelligence (right hand)
Wands
 x - a wand of enslavement (15)
 D - a wand of iceblast (40)
 G - a wand of acid (34)
 J - a wand of digging (3)
 K - a wand of flame (16)
 R - a wand of random effects (33)
Scrolls
 c - 4 scrolls of remove curse
 e - 8 scrolls of teleportation
 j - 9 scrolls of amnesia
 k - 3 scrolls of immolation
 o - a scroll of noise {unknown}
 p - 3 scrolls of enchant weapon
 t - a scroll of enchant armour {unknown}
 y - 5 scrolls of fog
 H - a scroll of brand weapon {unknown}
 I - 4 scrolls of silence {unknown}
 M - 2 scrolls of fear {unknown}
 W - a scroll of random uselessness {unknown}
Potions
 b - 4 potions of brilliance
 d - 3 potions of heal wounds {unknown}
 f - 13 potions of curing
 h - 7 potions of might
 l - 2 potions of haste
 n - a potion of magic {unknown}
 q - a potion of attraction {unknown}
 s - 5 potions of flight {unknown}
 u - a potion of ambrosia {unknown}
 w - 4 potions of mutation {unknown}
 F - 12 potions of degeneration
 X - a potion of berserk rage
Miscellaneous
 r - a phial of floods (inert)
 O - a lightning rod (4/4)
 V - a phantom mirror


   Skills:
 + Level 8.8 Fighting
 + Level 8.8 Short Blades
 + Level 8.8 Long Blades
 + Level 8.8 Axes
 + Level 8.8 Maces & Flails
 + Level 8.8 Polearms
 + Level 8.8 Staves
 + Level 8.8 Slings
 + Level 8.8 Bows
 + Level 8.8 Crossbows
 + Level 8.8 Throwing
 + Level 8.8 Armour
 + Level 9.9 Dodging
 + Level 9.7 Stealth
 + Level 8.8 Shields
 + Level 8.8 Unarmed Combat
 + Level 10.1 Spellcasting
 + Level 10.2 Conjurations
 + Level 7.3 Hexes
 + Level 7.3 Summonings
 + Level 7.3 Necromancy
 + Level 7.3 Translocations
 + Level 7.3 Transmutations
 + Level 7.3 Fire Magic
 + Level 7.3 Ice Magic
 + Level 7.3 Air Magic
 + Level 7.3 Earth Magic
 + Level 7.3 Poison Magic
 + Level 9.6 Invocations
 + Level 8.8 Evocations


You had 2 spell levels left.
You knew the following spells:

 Your Spells              Type           Power        Failure   Level
a - Magic Dart            Conj           100%         1%          1
b - Searing Ray           Conj           100%         1%          2
c - Dazzling Flash        Conj/Hex       100%         1%          3
d - Iskenderun's Mystic   Conj/Tloc      61%          1%          4
e - Petrify               Tmut/Erth      56%          2%          4
f - Iron Shot             Conj/Erth      30%          19%         6
g - Lightning Bolt        Conj/Air       30%          3%          5
h - Fireball              Conj/Fire      30%          3%          5

Your spell library contained the following spells:

 Spells                   Type           Power        Failure   Level
 Corona                   Hex            62%          1%          1
 Foxfire                  Conj/Fire      100%         1%          1
 Freeze                   Ice            100%         1%          1
 Sandblast                Erth           100%         1%          1
 Shock                    Conj/Air       100%         1%          1
 Ensorcelled Hibernation  Hex/Ice        100%         1%          2
 Passwall                 Tmut/Erth      46%          1%          2
 Slow                     Hex            56%          1%          2
 Swiftness                Air            56%          1%          2
 Confusing Touch          Hex            56%          1%          3
 Conjure Flame            Conj/Fire      61%          1%          3
 Frozen Ramparts          Ice            100%         1%          3
 Gell's Gravitas          Tloc           28%          1%          3
 Ignite Poison            Fire/Tmut/Pois 56%          1%          3
 Inner Flame              Hex/Fire       56%          1%          3
 Ozocubu's Armour         Ice            73%          1%          3
 Portal Projectile        Hex/Tloc       100%         1%          3
 Spider Form              Tmut/Pois      28%          1%          3
 Static Discharge         Conj/Air       61%          1%          3
 Stone Arrow              Conj/Erth      100%         1%          3
 Tukima's Dance           Hex            56%          1%          3
 Fulminant Prism          Conj/Hex       30%          1%          4
 Hailstorm                Conj/Ice       80%          1%          4
 Sticky Flame             Conj/Fire      61%          1%          4
 Airstrike                Air            28%          2%          4
 Cause Fear               Hex            28%          2%          4
 Leda's Liquefaction      Hex/Erth       28%          2%          4
 Summon Ice Beast         Ice/Summ       73%          2%          4
 Irradiate                Conj/Tmut      30%          3%          5
 Bolt of Magma            Conj/Fire/Erth 30%          4%          5
 Lee's Rapid Deconstruct  Erth           28%          6%          5
 Metabolic Englaciation   Hex/Ice        36%          6%          5
 Yara's Violent Unravell  Hex/Tmut       28%          6%          5
 Statue Form              Tmut/Erth      37%          32%         6
 Dragon Form              Tmut           28%          86%         7
 Necromutation            Tmut/Necr      28%          100%        8
 Dragon's Call            Summ           28%          100%        9
 Shatter                  Erth           28%          100%        9


Dungeon Overview and Level Annotations

Branches:
Dungeon (14/15)            Temple (1/1) D:4            Lair (4/6) D:10
  Swamp (0/4) Lair:2          Orc (0/2) D:12        Volcano (1/1)
  Snake: Lair:2-4    Spider: Lair:2-4    Vaults: D:13-14

Altars:
Ashenzari
Cheibriados
Dithmenos
Elyvilon
Fedhas
Gozag
Hepliaklqana
Kikubaaqudgha
Makhleb
Nemelex Xobeh
Qazlal
Ru
Sif Muna
Trog
Uskayaw
Vehumet
Wu Jian
Xom
Yredelemnul
The Shining One

Shops:
D:4 ?   D:6 *   D:12 [[[?(

Annotations:
D:4 2 runed translucent doors
D:7 3 runed translucent doors, sahdkjhfkaj's ghost, novice MiBe
D:8 2 transporters, Morgoth's ghost, novice TeWr


Innate Abilities, Weirdness & Mutations

Your experience applies equally to all skills.
You have very sharp teeth.
Your uncanny sense of smell can sniff out nearby items.


Message History

The iron shot hits the gargoyle!
You destroy the gargoyle!
Sif Muna accepts your kill.
You hear a sizzling splash.
The efreet gestures at you.
The fireball explodes!
The fireball engulfs you!
As you read the scroll of teleportation, it crumbles to dust.
You feel strangely unstable. The efreet gestures at you.
The fireball explodes!
The fireball engulfs you!!
* * * LOW HITPOINT WARNING * * *
Aim the phial where?
Press: ? - help, Shift-Dir - straight line, f - efreet
Aim: an efreet, wielding a +3 scimitar of flaming (lava)
The torrent of water hits the efreet!
The efreet is doused terribly!
The efreet is moderately wounded.
The wave splashes down.
The efreet gestures at you. The bolt of fire hits you!!
You die...

#......≈§§§≈≈≈≈§§§§≈§§§§
#......§≈≈≈≈≈§≈≈≈§§§§≈§≈
##...§≈≈≈≈≈≈≈≈≈≈≈§§§§§§§
##..§≈≈≈≈≈≈≈≈≈≈§§§≈≈≈§.
###..≈≈≈≈≈§§≈≈§≈§§§≈§§§
##.##.§≈§≈≈§≈≈§§≈§§≈≈≈..
###.#.#§§§§≈§§§§§≈§≈§≈≈≈..
#..##.##§.§§≈§≈§§§≈§§≈§...
#.##∩..##@≈§≈§≈≈≈≈≈≈≈≈≈..#
#..##..∩#.≈§§≈≈R§≈≈§≈≈...#
###.#..##.≈≈§§≈≈≈≈§≈≈....#
#.##.#.≈≈≈≈≈≈≈≈≈§§....##
##.###..≈≈≈≈§≈§≈§§..☼.#
#.##...≈≈§≈≈≈≈≈§..○.##
##......≈≈≈§≈≈○○○°..#
###.....≈≈≈≈≈.....##
###...§.≈≈≈.....#


You could see an efreet.

Vanquished Creatures
  Azrael (D:12)
  Josephine (D:11)
  5 hydras
  Fannar (Lair:2)
  5 two-headed ogres
  A deep troll earth mage (D:11)
  Urug (Lair:2)
  Sonja (D:10)
  An unseen horror (D:13)
  2 manticores
  4 cyclopes
  2 ugly things
  3 black mambas
  Psyche (D:8)
  2 gargoyles
  4 cane toads
  Maggie (D:7)
  2 centaur skeletons
  An efreet (D:11)
  3 komodo dragons
  2 trolls
  3 slime creatures (D:12)
  6 wraiths
  9 wyverns
  15 yaks
  6 fire bats (Volcano)
  A shadow (D:13)
  3 basilisks
  6 fire elementals
  4 vampire mosquitoes (D:12)
  Grum (D:8)
  2 steam dragons
  A soldier ant (D:13)
  4 swamp worms (Lair:2)
  2 acid dragons
  A naga (Lair:4)
  11 water moccasins
  2 hell hounds (D:12)
  A nameless horror (D:10)
  A black bear (Lair:2)
  An ice beast (D:12)
  A sky beast (D:12)
  4 orc warriors
  A swamp drake (D:12)
  6 phantoms
  A necrophage (D:13)
  4 ogres
  11 wolves
  6 centaurs
  3 big kobolds
  An earth elemental (Volcano)
  19 bullfrogs
  Blork the orc (D:5)
  2 gnoll sergeants
  A wyvern zombie (D:9)
  2 scorpions
  6 killer bees (D:7)
  12 wights
  An electric eel (Lair:3)
  9 howler monkeys
  6 lava snakes (Volcano)
  2 bullfrog zombies
  3 crimson imps (D:3)
  2 quasits
  3 orc priests
  11 orc wizards
  A bullfrog skeleton (D:13)
  4 jellies
  5 hounds
  7 iguanas
  6 worker ants
  A killer bee zombie (D:6)
  A hound zombie (D:11)
  A hound skeleton (D:9)
  9 adders
  11 gnolls
  5 shadow imps
  4 white imps
  An ufetubus (D:5)
  An adder skeleton (D:4)
  A worm (D:5)
  3 dart slugs
  6 leopard geckos
  50 orcs
  9 giant cockroaches
  11 goblins
  5 hobgoblins
  9 jackals
  3 quokkas
  2 ball pythons
  4 bats
  3 frilled lizards
  A jackal zombie (D:6)
  24 kobolds
  2 quokka skeletons
  8 rats
440 creatures vanquished.

Vanquished Creatures (collateral kills)
  A wyvern (D:10)
  6 yaks
  A water moccasin (D:10)
  An ice beast (D:9)
  5 centaurs
  An iguana (D:9)
  An orc wizard (D:13)
  An orc (D:13)
17 creatures vanquished.

Vanquished Creatures (others)
  2 orcs (D:12)
  19 fungi
  85 plants
106 creatures vanquished.

Grand Total: 563 creatures vanquished

Notes
Turn   | Place    | Note
-------+----------+-------------------------------------------
     0 | D:1      | Rennog the Gnoll Conjurer began the quest for the Orb.
     0 | D:1      | Reached XP level 1. HP: 13/13 MP: 6/6
    95 | D:1      | Reached XP level 2. HP: 19/19 MP: 1/7
   176 | D:1      | Learned a level 2 spell: Searing Ray
   796 | D:2      | Found a basalt altar of Yredelemnul.
   818 | D:2      | Found a burning altar of Makhleb.
   840 | D:2      | Found an ancient bone altar of Kikubaaqudgha.
   907 | D:2      | Reached XP level 3. HP: 25/25 MP: 7/9
   975 | D:2      | Reached skill level 5 in Spellcasting
  1128 | D:2      | Reached skill level 1 in Invocations
  1162 | D:2      | Learned a level 3 spell: Dazzling Flash
  1270 | D:2      | Found a radiant altar of Vehumet.
  1432 | D:2      | Found a hide-covered altar of Uskayaw.
  1503 | D:2      | Reached skill level 1 in Fighting
  1503 | D:2      | Reached skill level 1 in Short Blades
  1503 | D:2      | Reached skill level 1 in Long Blades
  1503 | D:2      | Reached skill level 1 in Axes
  1503 | D:2      | Reached skill level 1 in Maces & Flails
  1503 | D:2      | Reached skill level 1 in Polearms
  1503 | D:2      | Reached skill level 1 in Staves
  1503 | D:2      | Reached skill level 1 in Slings
  1503 | D:2      | Reached skill level 1 in Bows
  1503 | D:2      | Reached skill level 1 in Crossbows
  1503 | D:2      | Reached skill level 1 in Throwing
  1503 | D:2      | Reached skill level 1 in Armour
  1503 | D:2      | Reached skill level 1 in Shields
  1503 | D:2      | Reached skill level 1 in Unarmed Combat
  1503 | D:2      | Reached skill level 1 in Evocations
  1503 | D:2      | Reached XP level 4. HP: 30/32 MP: 7/11
  1748 | D:3      | Found a stormy altar of Qazlal.
  2434 | D:3      | Found a shimmering altar of Xom.
  2446 | D:3      | Reached skill level 1 in Hexes
  2446 | D:3      | Reached skill level 1 in Summonings
  2446 | D:3      | Reached skill level 1 in Necromancy
  2446 | D:3      | Reached skill level 1 in Translocations
  2446 | D:3      | Reached skill level 1 in Transmutations
  2446 | D:3      | Reached skill level 1 in Fire Magic
  2446 | D:3      | Reached skill level 1 in Ice Magic
  2446 | D:3      | Reached skill level 1 in Air Magic
  2446 | D:3      | Reached skill level 1 in Earth Magic
  2446 | D:3      | Reached skill level 1 in Poison Magic
  2446 | D:3      | Reached XP level 5. HP: 35/37 MP: 5/12
  2954 | D:4      | Noticed an ogre
  2991 | D:4      | Learned a level 4 spell: Iskenderun's Mystic Blast
  2995 | D:4      | Killed an ogre
  2996 | D:4      | Reached XP level 6. HP: 44/44 MP: 8/14
  3096 | D:4      | Found Gocir's Magic Scroll Shop.
  3106 | D:4      | Bought a scroll of teleportation for 33 gold pieces
  3106 | D:4      | Bought a scroll of identify for 22 gold pieces
  3158 | D:4      | Reached skill level 5 in Dodging
  3314 | D:4      | Found a staircase to the Ecumenical Temple.
  3323 | Temple   | Entered the Ecumenical Temple
  3454 | Temple   | Became a worshipper of Sif Muna the Loreminder
  3548 | D:4      | Found a large runed translucent door.
  3548 | D:4      | Noticed an orc warrior
  3549 | D:4      | Found a large runed translucent door.
  3648 | D:4      | Found a large runed translucent door.
  3648 | D:4      | Found a large runed translucent door.
  3973 | D:4      | Reached XP level 7. HP: 50/50 MP: 9/15
  4377 | D:5      | Entered Level 5 of the Dungeon
  4576 | D:5      | Reached * piety under Sif Muna
  4707 | D:5      | Reached skill level 5 in Stealth
  4950 | D:5      | Noticed Blork the orc
  4956 | D:5      | Killed Blork the orc
  5406 | D:5      | Reached XP level 8. HP: 57/57 MP: 9/16
  5760 | D:4      | Got a pair of bloodstained boots
  5766 | D:4      | Identified the +0 pair of boots of Paranoia {rElec} (You
                  | found it on level 4 of the Dungeon)
  5847 | D:6      | Found Desagump's Assorted Antiques.
  5967 | D:6      | Bought a glowing scarf for 176 gold pieces
  6829 | D:6      | Found a glowing golden altar of the Shining One.
  7601 | D:7      | Learned a level 4 spell: Petrify
  7651 | D:7      | Noticed Maggie
  7663 | D:7      | Killed Maggie
  7664 | D:7      | Reached XP level 9. HP: 46/65 MP: 1/18
  8080 | D:7      | Found a snail-covered altar of Cheibriados.
  8080 | D:7      | Found a bloodstained altar of Trog.
  8107 | D:7      | Reached ** piety under Sif Muna
  8646 | D:7      | Noticed sahdkjhfkaj's ghost (novice MiBe)
  8939 | D:7      | Found a stormy altar of Qazlal.
  8949 | D:7      | Found a runed translucent gate.
  8991 | D:7      | Found a runed translucent gate.
  8994 | D:7      | Found a runed translucent gate.
  9540 | D:8      | Reached skill level 5 in Invocations
  9541 | D:8      | Noticed Grum
  9547 | D:8      | Killed Grum
  9704 | D:8      | Found a bloodstained altar of Trog.
  9704 | D:8      | Noticed Morgoth's ghost (novice TeWr)
  9709 | D:8      | Noticed a moth of wrath
  9710 | D:8      | Noticed a two-headed ogre
  9719 | D:8      | Found a transporter.
  9720 | D:8      | Identified the cursed +3 mace "Ymiad" {vorpal, rC+ Int+2}
  9720 | D:8      | Noticed a tengu warrior
  9729 | D:8      | Found a transporter.
  9868 | D:8      | Noticed Psyche
  9876 | D:8      | Killed Psyche
  9877 | D:8      | Reached XP level 10. HP: 71/73 MP: 8/20
 10619 | D:8      | Reached skill level 5 in Fighting
 10619 | D:8      | Reached skill level 5 in Short Blades
 10619 | D:8      | Reached skill level 5 in Long Blades
 10619 | D:8      | Reached skill level 5 in Axes
 10619 | D:8      | Reached skill level 5 in Maces & Flails
 10619 | D:8      | Reached skill level 5 in Polearms
 10619 | D:8      | Reached skill level 5 in Staves
 10619 | D:8      | Reached skill level 5 in Slings
 10619 | D:8      | Reached skill level 5 in Bows
 10619 | D:8      | Reached skill level 5 in Crossbows
 10619 | D:8      | Reached skill level 5 in Throwing
 10619 | D:8      | Reached skill level 5 in Armour
 10619 | D:8      | Reached skill level 5 in Shields
 10619 | D:8      | Reached skill level 5 in Unarmed Combat
 10619 | D:8      | Reached skill level 5 in Evocations
 11344 | D:9      | Reached *** piety under Sif Muna
 11544 | D:9      | Learned a level 4 spell: Summon Ice Beast
 12400 | D:9      | Found a blossoming altar of Fedhas.
 12422 | D:10     | Entered Level 10 of the Dungeon
 12979 | D:10     | Noticed a red ugly thing
 13001 | D:10     | Killed a red ugly thing
 13151 | D:10     | Noticed a gargoyle
 13343 | D:11     | Noticed Josephine
 13570 | D:10     | Reached XP level 11. HP: 81/81 MP: 8/22
 13701 | D:10     | Noticed a two-headed ogre
 13714 | D:10     | Killed a two-headed ogre
 13715 | D:10     | Reached skill level 5 in Hexes
 13715 | D:10     | Reached skill level 5 in Summonings
 13715 | D:10     | Reached skill level 5 in Necromancy
 13715 | D:10     | Reached skill level 5 in Translocations
 13715 | D:10     | Reached skill level 5 in Transmutations
 13715 | D:10     | Reached skill level 5 in Fire Magic
 13715 | D:10     | Reached skill level 5 in Ice Magic
 13715 | D:10     | Reached skill level 5 in Air Magic
 13715 | D:10     | Reached skill level 5 in Earth Magic
 13715 | D:10     | Reached skill level 5 in Poison Magic
 13848 | D:10     | Found a staircase to the Lair.
 14191 | D:10     | Noticed Sonja
 14200 | D:10     | Killed Sonja
 14489 | D:10     | Learned a level 5 spell: Lee's Rapid Deconstruction
 15593 | D:11     | Killed Josephine
 15593 | D:11     | Reached **** piety under Sif Muna
 16565 | D:11     | Noticed a deep troll earth mage
 16958 | D:12     | Found Teneyvos's Weapon Boutique.
 16974 | D:12     | Noticed Azrael
 16974 | D:12     | Noticed a manticore
 17000 | D:12     | Killed Azrael
 17013 | D:12     | Killed a manticore
 17095 | D:12     | Noticed a boulder beetle
 17100 | D:12     | Found a staircase to the Orcish Mines.
 17331 | D:12     | Found Tuchul's Antique Armour Emporium.
 17357 | D:12     | Found Qoohoij's Antique Armour Shoppe.
 17361 | D:12     | Bought a runed hat for 203 gold pieces
 17366 | D:12     | Bought a pair of embroidered gloves for 217 gold pieces
 17411 | D:12     | Reached XP level 12. HP: 89/89 MP: 10/24
 17606 | D:12     | Found a flagged portal.
 17728 | D:12     | Learned a level 5 spell: Fireball
 18407 | D:13     | Noticed a two-headed ogre
 18529 | D:12     | Found Gosa's Magic Scroll Boutique.
 18592 | D:12     | Found Korghin's Antique Armour Boutique.
 19336 | D:12     | Learned a level 5 spell: Lightning Bolt
 19562 | D:13     | Killed a two-headed ogre
 20424 | D:13     | Noticed a two-headed ogre
 20424 | D:13     | Noticed a two-headed ogre
 21242 | D:13     | Noticed a two-headed ogre
 21246 | D:13     | Killed a two-headed ogre
 21651 | D:13     | Killed a two-headed ogre
 22165 | D:13     | Killed a two-headed ogre
 22417 | D:14     | Noticed an eight-headed hydra
 22750 | D:13     | Reached XP level 13. HP: 87/98 MP: 26/26
 23011 | D:14     | Noticed a vault guard
 23189 | Lair:1   | Entered Level 1 of the Lair of Beasts
 24671 | Lair:1   | Reached ***** piety under Sif Muna
 24816 | Lair:2   | Identified Sif Muna's Grimoire of Moulding (Sif Muna gifted
                  | it to you on level 2 of the Lair of Beasts)
 24816 | Lair:2   | Received a gift from Sif Muna
 25711 | Lair:2   | Noticed Urug
 25727 | Lair:2   | Killed Urug
 25748 | Lair:2   | Reached skill level 10 in Conjurations
 26686 | Lair:2   | Noticed Fannar
 26691 | Lair:2   | Killed Fannar
 27148 | Lair:2   | Found a staircase to the Swamp.
 27525 | Lair:3   | Learned a level 6 spell: Iron Shot
 27879 | Lair:3   | Reached skill level 10 in Spellcasting
 29142 | Lair:4   | Found a dark tunnel.
 29147 | Volcano  | Entered a volcano
 29586 | Volcano  | Found a bloodstained altar of Trog.
 29726 | Volcano  | Killed from afar by an efreet

Illustrated notes

Levels and vault maps discovered:
D:1:      scummos_arrival_star, layout_loops_ring
D:2:      layout_basic, lemuel_crystal_altar, nicolae_overflow_hidden_temple,
          general_overflow_altar, grunt_temple_overflow_open, minmay_ruptured
D:3:      layout_loops_ring, led_xom_imps, grunt_qazlal_clouds
D:4:      layout_loops_ring, minmay_temple_entry_tees, serial_shops,
          nicolae_shop_statue_plus, minmay_hollow_rounded_squares
D:5:      layout_layer_cave, uniq_blork_the_orc
D:6:      layout_loops_ring, kennysheep_little_box, serial_shops,
          nicolae_shop_overgrown_old_shop
D:7:      layout_basic, lemuel_doored_altar, minitemple, gammafunk_ghost_icy,
          chequers_serial_rivers_small_a, st_stairs_10,
          kennysheep_generic_room_13, uniq_maggie
D:8:      layout_layer_cave, gammafunk_ghost_wrathful_warriors, uniq_psyche,
          uniq_grum
D:9:      layout_irregular_city, kennysheep_mini_moat, chequers_jeans
D:10:     layout_loops_ring, minmay_lair_entry_grove, minivault_16,
          eino_tiny_chamber, uniq_sonja
D:11:     layout_cave_pools, minmay_misc_feat_more_columns, minmay_three_doors,
          uniq_josephine
D:12:     layout_roguey, erik_orc_1, lightli_bailey_entry_fortress,
          serial_shops, shop, shop, shop, shop_statue, shop, uniq_azrael
D:13:     layout_cave_pools
D:14:     layout_small_grid, erik_vaults_2, special_room
          [special_room_mythical_zoo], corexii_corridor_pit, wad_mini_maze,
          uniq_nessos
Temple:   minmay_temple_curvy_loop
Lair:1:   layout_roguey, grunt_megastairs_2
Lair:2:   layout_gridlike, palyth_hydra_swamp_entry, infiniplex_staircase_pool,
          wad_woods_river_01, uniq_fannar, uniq_urug
Lair:3:   layout_cave_pods, grunt_forest_small_clearing_treed,
          serial_bayou_shore_a, serial_bayou_shore_b
Lair:4:   layout_cave_pods, guppyfry_snake_entry_garden, enter_volcano_4,
          grunt_megastairs_4, infiniplex_staircase_pool_2,
          minmay_lair_oklob_chamber
Volcano:  volcano_grotto [vgs_many_chambers]

Skill      XL: |  1  2  3  4  5  6  7  8  9 10 11 12 13 |
---------------+----------------------------------------+-----
Spellcasting   | 5 6 7 8 9 10 | 10.1
Invocations    | 1 2 3 4 5 6 7 8 9 |  9.6
Fighting       | 1 2 3 4 5 6 7 8 |  8.8
Short Blades   | 1 2 3 4 5 6 7 8 |  8.8
Long Blades    | 1 2 3 4 5 6 7 8 |  8.8
Axes           | 1 2 3 4 5 6 7 8 |  8.8
Maces & Flails | 1 2 3 4 5 6 7 8 |  8.8
Polearms       | 1 2 3 4 5 6 7 8 |  8.8
Staves         | 1 2 3 4 5 6 7 8 |  8.8
Slings         | 1 2 3 4 5 6 7 8 |  8.8
Bows           | 1 2 3 4 5 6 7 8 |  8.8
Crossbows      | 1 2 3 4 5 6 7 8 |  8.8
Throwing       | 1 2 3 4 5 6 7 8 |  8.8
Armour         | 1 2 3 4 5 6 7 8 |  8.8
Shields        | 1 2 3 4 5 6 7 8 |  8.8
Unarmed Combat | 1 2 3 4 5 6 7 8 |  8.8
Evocations     | 1 2 3 4 5 6 7 8 |  8.8
Hexes          | 1 2 3 4 5 6 7 |  7.3
Summonings     | 1 2 3 4 5 6 7 |  7.3
Necromancy     | 1 2 3 4 5 6 7 |  7.3
Translocations | 1 2 3 4 5 6 7 |  7.3
Transmutations | 1 2 3 4 5 6 7 |  7.3
Fire Magic     | 1 2 3 4 5 6 7 |  7.3
Ice Magic      | 1 2 3 4 5 6 7 |  7.3
Air Magic      | 1 2 3 4 5 6 7 |  7.3
Earth Magic    | 1 2 3 4 5 6 7 |  7.3
Poison Magic   | 1 2 3 4 5 6 7 |  7.3
Dodging        | 5 6 7 8 9 |  9.9
Stealth        | 5 6 7 8 9 |  9.7
Conjurations   | 8 9 10 | 10.2

Action                   |  1- 3 |  4- 6 |  7- 9 | 10-12 | 13-15 || total
-------------------------+-------+-------+-------+-------+-------++-------
Melee: Unarmed           |    17 |     3 |       |       |       ||    20
       Quarterstaff      |       |       |     7 |    43 |     3 ||    53
       Bite              |       |       |       |     5 |     4 ||     9
       Staff             |       |       |       |       |    28 ||    28
 Cast: Magic Dart        |    51 |    71 |   121 |   228 |    29 ||   500
       Searing Ray       |     2 |    11 |    42 |   138 |    52 ||   245
       Iskenderun's Myst |       |     3 |    13 |     9 |       ||    25
       Petrify           |       |       |     2 |    11 |       ||    13
       Summon Ice Beast  |       |       |       |    35 |       ||    35
       Lee's Rapid Decon |       |       |       |     4 |       ||     4
       Dazzling Flash    |       |       |       |     4 |       ||     4
       Lightning Bolt    |       |       |       |    38 |    74 ||   112
       Fireball          |       |       |       |    29 |    13 ||    42
       Iron Shot         |       |       |       |       |    22 ||    22
Invok: Channel Magic     |       |       |       |       |     1 ||     1
Evoke: Wand              |       |       |       |     3 |       ||     3
       Phial of floods   |       |       |       |     1 |     1 ||     2
  Use: Scroll            |       |     6 |     3 |     4 |     6 ||    19
       Potion            |       |       |       |       |     2 ||     2
 Stab: Sleeping          |       |       |       |     2 |       ||     2
Armor: Robe              |     6 |     1 |       |       |       ||     7
       Acid dragon scale |       |       |    19 |   107 |    44 ||   170
Dodge: Dodged            |    14 |    12 |    59 |   391 |   154 ||   630
Block: Kite shield       |       |       |       |       |    20 ||    20

Table legend: (Time is in decaauts)
 A = Elapsed time spent in this place.
 B = Non-inter-level travel time spent in this place.
 C = Inter-level travel time spent in this place.
 D = Time resting spent in this place.
 E = Time spent auto-exploring this place.
 F = Levels seen in this place.
 G = Mean time per level.
                   A        B        C        D        E       F      G
               +--------+--------+--------+--------+--------+-----+--------+
         Total |  29849 |  27741 |   2108 |   6912 |  17457 |  20 | 1492.4 |
       Dungeon |  23240 |  21571 |   1669 |   5492 |  13503 |  14 | 1660.0 |
        Temple |    149 |    129 |     20 |      0 |    126 |   1 |  149.0 |
          Lair |   5885 |   5467 |    418 |   1328 |   3570 |   4 | 1471.2 |
       Volcano |    574 |    574 |      0 |     92 |    257 |   1 |  574.0 |
               +--------+--------+--------+--------+--------+-----+--------+

Top non-repeatable levels by time:
    D:12: 4477 daAuts
    D:10: 2860 daAuts
     D:9: 2228 daAuts
  Lair:1: 2127 daAuts
  Lair:2: 1973 daAuts
     D:7: 1936 daAuts
     D:4: 1570 daAuts
     D:5: 1513 daAuts
     D:6: 1510 daAuts
    D:13: 1482 daAuts
    D:11: 1418 daAuts
     D:8: 1341 daAuts
  Lair:3: 1279 daAuts
     D:3: 1100 daAuts
     D:2: 1052 daAuts
